 Dungeon Sprint DCSS version 0.17-a0-1625-g47e540b (webtiles) character file.

262 Kidiri the Covert (level 5, 0/24 HPs)
             Began as a Spriggan Enchanter on Aug 2, 2015.
             Slain by a slime creature (20 damage)
             ... in the Dungeon (Sprint I: "Red Sonja").
             The game lasted 00:03:18 (491 turns).

Kidiri the Covert (Spriggan Enchanter)               Turns: 491, Time: 00:03:18

Health: 0/24       AC:  3    Str:  4    XL:     5   Next: 97%
Magic:  1/15       EV: 25    Int: 16    God:
Gold:   162        SH:  0    Dex: 18    Spells: 5 memorised, 6 levels left

rFire  . . .     SeeInvis +     a - +1 dagger
rCold  . . .     Clarity  .     b - +1 robe
rNeg   . . .     SustAt   .     (shield restricted)
rPois  .         Gourm    .     (helmet restricted)
rElec  .         Spirit   .     (no cloak)
rCorr  .         Warding  .     (gloves unavailable)
rMut   .         NoTele   +     (boots unavailable)
MR     .....                    (no amulet)
Stlth  +++++.....               (no ring)
                                (no ring)

@: very quick, not resistant to hostile enchantments, quite stealthy
A: unfitting armour, see invisible, herbivore 3, speed 3, slow metabolism 2
a: no special abilities


You were in the Dungeon.
You were not hungry.

You visited 1 branch You collected 162 gold pieces.

Inventory:

Hand weapons
 a - a +1 dagger (weapon)
Armour
 b - a +1 robe (worn)
Scrolls
 j - a scroll of blinking
Potions
 f - a potion of heal wounds
 g - a potion of haste
 h - 2 potions of magic
 i - a potion of berserk rage
Books
 c - a book of Maledictions

   Spells                             Type                      Level
   a - Corona                         Hexes                        1
   b - Ensorcelled Hibernation        Hexes/Ice                    2
   c - Confuse                        Hexes                        3
   d - Tukima's Dance                 Hexes                        3
   e - Dazzling Spray                 Conjuration/Hexes            3
Comestibles
 d - a bread ration


   Skills:
 + Level 4.4 Short Blades
 * Level 9.0 Dodging
 * Level 10.3 Stealth
 * Level 7.4 Spellcasting
 + Level 0.0 Conjurations
 + Level 6.1 Hexes
 + Level 2.6 Ice Magic


You had 6 spell levels left.
You knew the following spells:

 Your Spells              Type           Power        Failure   Level  Hunger
a - Corona                Hex            ####...      1%          1    None
b - Ensorcelled Hibernat  Hex/Ice        ###...       3%          2    None
c - Confuse               Hex            ####....     2%          3    ##.....
d - Tukima's Dance        Hex            ####....     2%          3    ##.....
e - Dazzling Spray        Conj/Hex       ###.....     12%         3    ##.....


Dungeon Overview and Level Annotations

Branches:
Dungeon (1/1)

Altars:
Cheibriados
Dithmenos
Fedhas
Jiyva


Innate Abilities, Weirdness & Mutations

You are tiny and cannot use many weapons and most armour.
You have supernaturally acute eyesight.
You are a herbivore.
You cover ground extremely quickly.
You need consume almost no food.


Message History

Casting: Ensorcelled Hibernation
Confirm with . or Enter, or press ? or * to list all spells.
Aiming: Confuse
Press: ? - help, Shift-Dir - straight line, f/p - slime creature
Aim: a slime creature (chance to defeat MR: 37%)
The slime creature easily resists.
The slime creature closely misses you.
Casting: Confuse
Confirm with . or Enter, or press ? or * to list all spells.
Aiming: Confuse
Press: ? - help, Shift-Dir - straight line, f/p - slime creature
Aim: a slime creature (chance to defeat MR: 37%)
The slime creature easily resists.
The slime creature hits you.
Casting: Confuse
Confirm with . or Enter, or press ? or * to list all spells.
Aiming: Confuse
Press: ? - help, Shift-Dir - straight line, f/p - slime creature
Aim: a slime creature (chance to defeat MR: 37%)
The slime creature easily resists.
The slime creature hits you!!
Ouch! That really hurt!
You die...

###################
#<.#..'..#.)'..#__#
#..'..#.)'..#..@J.+
#..#####+#####+#__#
#.[# #..# ### #..#
#### #..# #⌠⌠# ####


You could see a slime creature.

Vanquished Creatures
  Sigmund (D)
  An ogre (D)
  Ijyb (D)
3 creatures vanquished.

Notes
Turn   | Place    | Note
--------------------------------------------------------------
     0 | D        | Kidiri the Spriggan Enchanter began the quest for the Orb.
     0 | D        | Reached XP level 1. HP: 9/9 MP: 5/5
     2 | D        | Noticed Ijyb
    52 | D        | Killed Ijyb
    52 | D        | Reached skill level 5 in Dodging
    52 | D        | Reached skill level 6 in Stealth
    52 | D        | Reached XP level 2. HP: 2/13 MP: 4/8
    58 | D        | Learned a level 2 spell: Ensorcelled Hibernation
   328 | D        | Noticed an ogre
   331 | D        | Killed an ogre
   331 | D        | Reached skill level 7 in Dodging
   331 | D        | Reached skill level 8 in Stealth
   331 | D        | Reached skill level 5 in Spellcasting
   331 | D        | Reached skill level 5 in Hexes
   331 | D        | Reached skill level 1 in Ice Magic
   331 | D        | Reached XP level 3. HP: 16/16 MP: 9/11
   331 | D        | Reached XP level 4. HP: 21/21 MP: 9/12
   347 | D        | Noticed Sigmund
   361 | D        | Learned a level 3 spell: Confuse
   371 | D        | Killed Sigmund
   371 | D        | Reached skill level 9 in Dodging
   371 | D        | Reached skill level 10 in Stealth
   371 | D        | Reached XP level 5. HP: 16/24 MP: 1/15
   379 | D        | Learned a level 3 spell: Tukima's Dance
   383 | D        | Learned a level 3 spell: Dazzling Spray
   485 | D        | Found a snail-covered altar of Cheibriados.
   485 | D        | Found a viscous altar of Jiyva.
   485 | D        | Found a shadowy altar of Dithmenos.
   485 | D        | Found a blossoming altar of Fedhas.
   485 | D        | Noticed a slime creature
   491 | D        | Slain by a slime creature

Vault maps used:
D:        dungeon_sprint_1

Action                   |  1- 3 |  4- 6 || total
-------------------------+-------+-------++-------
Melee: Dagger            |    39 |     8 ||    47
 Cast: Corona            |     6 |     1 ||     7
       Ensorcelled Hiber |       |     5 ||     5
       Confuse           |       |     5 ||     5
  Use: Potion            |     1 |       ||     1
 Stab: Sleeping          |     1 |       ||     1
       Confused          |       |     2 ||     2
